[Event "2nd Irena Warakomska Memorial-A"]
[Site "Suwalki"]
[Date "2018.08.04"]
[Round "5"]
[White "Shtembuliak, Evgeny"]
[Black "Tomczak, Jacek"]
[Result "0-1"]
[ECO "A28"]
[WhiteElo "2518"]
[BlackElo "2596"]
[Annotator "ChessBase"]
[PlyCount "120"]
[EventDate "2018.08.01"]
[EventType "swiss"]
[EventCountry "POL"]
[SourceTitle "playchess.com"]
[Source "ChessBase"]
[SourceQuality "1"]
[TimeControl "40/5400+30:1800+30"]

1. c4 e5 2. Nc3 Nf6 3. Nf3 Nc6 4. e3 Be7 5. Qb3 O-O 6. Be2 b6 7. O-O Bb7 8. d3 d6 9. a3 Qd7 10. d4 Qf5 11. d5 Nb8 12. e4 Nxe4 13. Qc2 Ng3 14. Bd3 e4 15. Nxe4 Nxe4 16. Bxe4 Qh5 17. Bf5 Bc8 18. Bxc8 Rxc8 19. Re1 Bf8 20. b4 c6 21. Qb3 cxd5 22. cxd5 Nd7 23. Bb2 b5 24. Nd4 a6 25. Nc6 Nb6 26. Rad1 Re8 27. Rxe8 Rxe8 28. h3 Qe2 29. Bc1 Qc4 30. Qxc4 Nxc4 31. Kf1 Be7 32. Re1 Kf8 33. f3 h6 34. Re4 Bg5 35. Bxg5 hxg5 36. Ke2 Nb6 37. Nd4 g6 38. g3 Nxd5 39. Rxe8+ Kxe8 40. Kd3 Kd7 41. Nc2 Nf6 42. Nd4 Nd5 43. Nc2 Nc7 44. Ne3 d5 45. Nc2 Ne6 46. Ke3 Kd6 47. f4 gxf4+ 48. gxf4 Ke7 49. Kf3 Kf6 50. Ne3 Nd4+ 51. Kg4 Ke6 52. Kg5 Nf5 53. Nd1 d4 54. Nf2 Nd6 55. h4 Kd5 56. Kh6 Kc4 57. Kg5 d3 58. f5 Nxf5 59. h5 d2 60. h6 Nxh6 0-1

[Event "2nd Irena Warakomska Memorial-A"]
[Site "Suwalki"]
[Date "2018.08.04"]
[Round "5"]
[White "Gleizerov, Evgeny"]
[Black "Stupak, Kirill"]
[Result "1/2-1/2"]
[ECO "A50"]
[WhiteElo "2507"]
[BlackElo "2573"]
[Annotator "ChessBase"]
[PlyCount "38"]
[EventDate "2018.08.01"]
[EventType "swiss"]
[EventCountry "POL"]
[SourceTitle "playchess.com"]
[Source "ChessBase"]
[SourceQuality "1"]
[TimeControl "40/5400+30:1800+30"]

1. d4 Nf6 2. c4 b6 3. Nc3 Bb7 4. Qc2 d5 5. Nf3 e6 6. cxd5 Nxd5 7. e4 Nxc3 8. bxc3 Be7 9. Bb5+ c6 10. Bd3 c5 11. Bb5+ Bc6 12. Bxc6+ Nxc6 13. Qa4 Qd7 14. O-O O-O 15. Be3 Ne5 16. Qxd7 Nxd7 17. a4 Rfc8 18. Rfb1 Nf6 19. Bg5 cxd4 1/2-1/2

[Event "2nd Irena Warakomska Memorial-A"]
[Site "Suwalki"]
[Date "2018.08.04"]
[Round "5"]
[White "Karthik Venkataraman"]
[Black "Dzhuguryan, Tygran"]
[Result "1/2-1/2"]
[ECO "B12"]
[WhiteElo "2502"]
[BlackElo "2179"]
[Annotator "RC"]
[PlyCount "99"]
[EventDate "2018.08.01"]
[EventType "swiss"]
[EventCountry "POL"]
[SourceTitle "playchess.com"]
[Source "ChessBase"]
[SourceQuality "1"]
[TimeControl "40/5400+30:1800+30"]

1. e4 c6 2. d4 d5 3. e5 Bf5 4. Nf3 e6 5. Be2 Nd7 6. O-O h6 7. c3 Ne7 8. a4 Nc8 9. a5 a6 10. b4 Be7 11. Nbd2 O-O 12. Ne1 f6 13. f4 fxe5 14. fxe5 Bg6 15. Ndf3 Na7 16. Nd3 Nb5 17. Qe1 Qe8 18. h3 Be4 19. Be3 Kh8 20. Rc1 Nc7 21. Nf4 g5 22. Nd3 Qg6 23. Nf2 Bf5 24. Qd1 Qh7 25. Qd2 Rg8 26. g4 Bg6 27. Nh1 Raf8 28. Ng3 Nb5 29. Rf2 Rf7 30. Rcf1 Kg7 31. Rh2 Kf8 32. h4 gxh4 33. Nxh4 Rxf1+ 34. Kxf1 Ke8 35. Nxg6 Qxg6 36. Rxh6 Qb1+ 37. Kg2 Qa1 38. Rxe6 Nf8 39. Rxe7+ Kxe7 40. Bg5+ Ke8 41. Nh5 Qxc3 42. Nf6+ Kf7 43. Nxg8 Kxg8 44. Qf4 Qxd4 45. Qf5 Qxb4 46. Bf6 Qd2 47. Kh3 Nd4 48. Qh5 Qe3+ 49. Kh4 Qf2+ 50. Kh3 1/2-1/2

[Event "2nd Irena Warakomska Memorial-A"]
[Site "Suwalki"]
[Date "2018.08.04"]
[Round "5"]
[White "Caspi, Israel"]
[Black "Aleksandrov, Aleksej"]
[Result "0-1"]
[ECO "C92"]
[WhiteElo "2454"]
[BlackElo "2585"]
[Annotator "ChessBase"]
[PlyCount "148"]
[EventDate "2018.08.01"]
[EventType "swiss"]
[EventCountry "POL"]
[SourceTitle "playchess.com"]
[Source "ChessBase"]
[SourceQuality "1"]
[TimeControl "40/5400+30:1800+30"]

1. e4 e5 2. Nf3 Nc6 3. Bb5 a6 4. Ba4 Nf6 5. O-O Be7 6. Re1 b5 7. Bb3 O-O 8. c3 d6 9. h3 Nd7 10. d4 Bf6 11. a4 Rb8 12. axb5 axb5 13. Be3 Ne7 14. d5 Nb6 15. Na3 Bd7 16. Nc2 h6 17. Nb4 Kh7 18. Ra7 Nec8 19. Ra6 Qe8 20. Bc2 g6 21. Kh2 Bg7 22. g4 Na4 23. Nc6 Rb7 24. Na5 Rb8 25. Nc6 Rb7 26. Nd2 Ne7 27. Na5 Rb8 28. Ra7 Ra8 29. Bxa4 Rxa7 30. Bxa7 bxa4 31. Be3 f5 32. f3 h5 33. Nac4 Bh6 34. Bxh6 Kxh6 35. Ne3 Qb8 36. Qc1 f4 37. Nc2 Qb6 38. Re2 g5 39. Nb4 hxg4 40. hxg4 Kg7 41. Qg1 Rh8+ 42. Kg2 Qb8 43. Nd3 Ng6 44. c4 Qa8 45. Re1 Rh4 46. Nf2 Qa5 47. Re2 Rh8 48. Qc1 Ra8 49. Nd3 Kf6 50. Rf2 Qa7 51. Qc3 Rh8 52. c5 Bb5 53. Nc4 Qb8 54. cxd6 cxd6 55. Qb4 Nh4+ 56. Kf1 Rc8 57. Rc2 Nxf3 58. Kf2 Nd4 59. Rc3 Bxc4 60. Rxc4 Qxb4 61. Rxb4 Rc2+ 62. Kf1 Rd2 63. Nf2 Nc2 64. Rxa4 Ne3+ 65. Kg1 Rxb2 66. Ra1 Ke7 67. Ra7+ Kd8 68. Ra6 Kc7 69. Rc6+ Kd7 70. Rc1 f3 71. Ra1 Nxg4 72. Ra7+ Kc8 73. Nxg4 Rg2+ 74. Kf1 Rxg4 0-1

[Event "2nd Irena Warakomska Memorial-A"]
[Site "Suwalki"]
[Date "2018.08.04"]
[Round "5"]
[White "Grinev, Valeriy"]
[Black "Chylewski, Patryk"]
[Result "1-0"]
[ECO "D31"]
[WhiteElo "2416"]
[BlackElo "2270"]
[Annotator "NA"]
[PlyCount "91"]
[EventDate "2018.08.01"]
[EventType "swiss"]
[EventCountry "POL"]
[SourceTitle "playchess.com"]
[Source "ChessBase"]
[SourceQuality "1"]
[TimeControl "40/5400+30:1800+30"]

1. d4 d5 2. c4 e6 3. Nc3 a6 4. cxd5 exd5 5. Qb3 Nc6 6. Nf3 Bf5 7. Bf4 Bd6 8. Qxb7 Nge7 9. Bxd6 cxd6 10. e3 O-O 11. Rc1 a5 12. Qb3 Rb8 13. Nb5 Na7 14. a4 Bd7 15. Be2 Qb6 16. Nd2 Nxb5 17. Bxb5 Bxb5 18. axb5 Qxb5 19. Qxb5 Rxb5 20. b3 Rfb8 21. Ke2 Kf8 22. Rc7 R8b7 23. Rhc1 Ke8 24. g4 Kd8 25. R7c3 Kd7 26. h4 R5b6 27. Ra1 Rc6 28. Rxc6 Nxc6 29. Ra3 Ra7 30. Nb1 Nb4 31. Kd2 Kc6 32. Nc3 Kb6 33. Ra1 Re7 34. h5 h6 35. Rg1 f6 36. Rc1 Rf7 37. Ne2 Nc6 38. Nf4 Ne7 39. Ke2 f5 40. Rg1 Kc6 41. g5 hxg5 42. Rxg5 Kb5 43. Kd3 Kb4 44. Kc2 Ka3 45. Rg1 Ka2 46. Ne2 1-0

[Event "2nd Irena Warakomska Memorial-A"]
[Site "Suwalki"]
[Date "2018.08.04"]
[Round "5"]
[White "Cukrowski, Filip"]
[Black "Bykovskiy, Oleg"]
[Result "1-0"]
[ECO "B31"]
[WhiteElo "2404"]
[BlackElo "2263"]
[Annotator "NA"]
[PlyCount "79"]
[EventDate "2018.08.01"]
[EventType "swiss"]
[EventCountry "POL"]
[SourceTitle "playchess.com"]
[Source "ChessBase"]
[SourceQuality "1"]
[TimeControl "40/5400+30:1800+30"]

1. e4 c5 2. Nf3 Nc6 3. Bb5 g6 4. c3 Bg7 5. d4 cxd4 6. cxd4 Nf6 7. Nc3 d5 8. Ne5 O-O 9. Nxc6 bxc6 10. Bxc6 Rb8 11. e5 Ne4 12. Nxe4 dxe4 13. O-O Bb7 14. Bxb7 Rxb7 15. Re1 Qd5 16. b3 Rd8 17. Be3 f6 18. Rc1 fxe5 19. dxe5 Bxe5 20. Qg4 Rbd7 21. Rc5 Qd6 22. g3 Bf6 23. Qxe4 Kg7 24. b4 Qb8 25. Kg2 Rd1 26. Rxd1 Rxd1 27. Bf4 Qb6 28. Rc7 Rd8 29. Rb7 Qd4 30. Rxe7+ Kh8 31. Qxd4 Bxd4 32. Be5+ Bxe5 33. Rxe5 Rd7 34. a4 Kg7 35. b5 Kf6 36. Re4 Kf5 37. Rb4 Ke5 38. a5 Kd5 39. b6 axb6 40. axb6 1-0

[Event "2nd Irena Warakomska Memorial-A"]
[Site "Suwalki"]
[Date "2018.08.04"]
[Round "5"]
[White "Rahul Srivatshav P"]
[Black "Godzwon, Iwo"]
[Result "1/2-1/2"]
[ECO "A37"]
[WhiteElo "2388"]
[BlackElo "2222"]
[Annotator "NA"]
[PlyCount "41"]
[EventDate "2018.08.01"]
[EventType "swiss"]
[EventCountry "POL"]
[SourceTitle "playchess.com"]
[Source "ChessBase"]
[SourceQuality "1"]
[TimeControl "40/5400+30:1800+30"]

1. Nf3 c5 2. c4 Nc6 3. g3 g6 4. Bg2 Bg7 5. Nc3 d6 6. O-O e6 7. e3 Nge7 8. d4 O-O 9. Re1 Rb8 10. b3 a6 11. Bb2 b5 12. dxc5 dxc5 13. cxb5 axb5 14. Qe2 f5 15. a4 bxa4 16. Nxa4 Bxb2 17. Nxb2 Rxb3 18. Qc2 Rb5 19. Bf1 Ra5 20. Rxa5 Qxa5 21. Rc1 1/2-1/2

[Event "2nd Irena Warakomska Memorial-A"]
[Site "Suwalki"]
[Date "2018.08.04"]
[Round "5"]
[White "Tihonov, Jurij"]
[Black "Ovsejevitsch, Sergei"]
[Result "1/2-1/2"]
[ECO "E12"]
[WhiteElo "2385"]
[BlackElo "2597"]
[Annotator "ChessBase"]
[PlyCount "72"]
[EventDate "2018.08.01"]
[EventType "swiss"]
[EventCountry "POL"]
[SourceTitle "playchess.com"]
[Source "ChessBase"]
[SourceQuality "1"]
[TimeControl "40/5400+30:1800+30"]

1. d4 Nf6 2. Nf3 e6 3. c4 b6 4. a3 Bb7 5. Nc3 g6 6. Qc2 Bg7 7. e4 O-O 8. Bd3 d6 9. O-O Nbd7 10. Re1 a6 11. h3 c5 12. d5 exd5 13. exd5 b5 14. cxb5 axb5 15. Bxb5 Nxd5 16. Nxd5 Bxd5 17. Qd3 Nf6 18. a4 Bb7 19. Bf4 Nd5 20. Bg5 Qb6 21. Rad1 h6 22. Bc1 Nc7 23. Qxd6 Qxd6 24. Rxd6 Nxb5 25. axb5 Rfb8 26. b6 Bf8 27. Rd3 Ba6 28. Ra3 Rxb6 29. Be3 Rbb8 30. Rea1 Bb7 31. Ne5 Rxa3 32. Rxa3 Bc8 33. Rc3 Rxb2 34. Bxc5 Bg7 35. Bd4 Rb1+ 36. Kh2 Be6 1/2-1/2

[Event "2nd Irena Warakomska Memorial-A"]
[Site "Suwalki"]
[Date "2018.08.04"]
[Round "5"]
[White "Roy, Prantik"]
[Black "Sliwicki, Damian"]
[Result "1/2-1/2"]
[ECO "B22"]
[WhiteElo "2377"]
[BlackElo "2220"]
[Annotator "NA"]
[PlyCount "110"]
[EventDate "2018.08.01"]
[EventType "swiss"]
[EventCountry "POL"]
[SourceTitle "playchess.com"]
[Source "ChessBase"]
[SourceQuality "1"]
[TimeControl "40/5400+30:1800+30"]

1. e4 c5 2. c3 d5 3. exd5 Qxd5 4. d4 cxd4 5. cxd4 Nc6 6. Nf3 e5 7. Nc3 Bb4 8. Bd2 Bxc3 9. Bxc3 exd4 10. Nxd4 Nge7 11. Nb5 O-O 12. Nc7 Qxd1+ 13. Rxd1 Rb8 14. Bc4 a6 15. O-O Bf5 16. Rfe1 Rfd8 17. Nd5 Nxd5 18. Bxd5 h6 19. f3 Rd7 20. Bb3 Rxd1 21. Rxd1 Rd8 22. Rxd8+ Nxd8 23. a4 Kf8 24. Kf2 f6 25. Ke3 Be6 26. Bc2 Nc6 27. b4 Bc4 28. Bf5 Ke7 29. Bd4 Be6 30. Bc5+ Kd7 31. Bd3 Ne7 32. Be4 b6 33. Bd4 Nf5+ 34. Bxf5 Bxf5 35. Bxb6 Bc2 36. Bc5 Bxa4 37. Bf8 g6 38. Bxh6 Ke6 39. Kf4 Bc2 40. h4 Bd3 41. Ke3 Bf1 42. g3 Bb5 43. Bf8 Be8 44. Bc5 g5 45. Bb6 gxh4 46. gxh4 Kf5 47. Bd8 Bh5 48. Bc7 Be8 49. Kd4 Bh5 50. f4 Kg4 51. Kd5 Bf7+ 52. Kd6 Bc4 53. Kc5 Be2 54. Bd8 Kxf4 55. Bxf6 Kg4 1/2-1/2

[Event "2nd Irena Warakomska Memorial-A"]
[Site "Suwalki"]
[Date "2018.08.04"]
[Round "5"]
[White "Oglaza, Oskar"]
[Black "Fus, Jakub"]
[Result "0-1"]
[ECO "A01"]
[WhiteElo "2364"]
[BlackElo "2210"]
[Annotator "NA"]
[PlyCount "82"]
[EventDate "2018.08.01"]
[EventType "swiss"]
[EventCountry "POL"]
[SourceTitle "playchess.com"]
[Source "ChessBase"]
[SourceQuality "1"]
[TimeControl "40/5400+30:1800+30"]

1. b3 d5 2. Bb2 Bg4 3. h3 Bh5 4. Nf3 Nd7 5. e3 e6 6. Be2 h6 7. O-O Ngf6 8. d4 Be7 9. Nbd2 O-O 10. c4 Bg6 11. Ne1 c5 12. Bd3 Bxd3 13. Nxd3 dxc4 14. bxc4 cxd4 15. exd4 Qa5 16. Qe2 Rfe8 17. f4 Rac8 18. g4 Nf8 19. Ne5 N6d7 20. Nxd7 Nxd7 21. Qd3 Red8 22. a4 Bb4 23. Nf3 Qc7 24. Rac1 Qxf4 25. Nh4 Qd2 26. Qb3 Nc5 27. Qf3 Qxb2 28. Qxf7+ Kh8 29. dxc5 Bxc5+ 30. Kh1 Rd2 31. Nf3 Rf2 32. Rb1 Qc2 33. Rbc1 Qe2 34. Rxf2 Qxf2 35. Qxb7 Rf8 36. Ne5 Qe3 37. Ng6+ Kg8 38. Ne7+ Bxe7 39. Qb2 Ba3 40. Rc3 Rf1+ 41. Kg2 Qg1# 0-1

[Event "2nd Irena Warakomska Memorial-A"]
[Site "Suwalki"]
[Date "2018.08.04"]
[Round "5"]
[White "Kosakowski, Jakub"]
[Black "Warakomski, Tomasz"]
[Result "1/2-1/2"]
[ECO "B06"]
[WhiteElo "2361"]
[BlackElo "2512"]
[Annotator "ChessBase"]
[PlyCount "61"]
[EventDate "2018.08.01"]
[EventType "swiss"]
[EventCountry "POL"]
[SourceTitle "playchess.com"]
[Source "ChessBase"]
[SourceQuality "1"]
[TimeControl "40/5400+30:1800+30"]

1. e4 g6 2. d4 Bg7 3. Nf3 d6 4. Bc4 a6 5. a4 c5 6. dxc5 Qa5+ 7. c3 Qxc5 8. Qb3 e6 9. Be3 Qc7 10. Nbd2 Nd7 11. O-O Ngf6 12. a5 O-O 13. Rfe1 Nc5 14. Qb4 Nfxe4 15. Nxe4 Nxe4 16. Bb6 Qc6 17. Rad1 d5 18. Bb3 Bd7 19. c4 dxc4 20. Bxc4 Rfc8 21. Rxd7 Bf8 22. Qb3 Qxc4 23. Qxc4 Rxc4 24. Ne5 Rc2 25. Nxf7 Rxb2 26. h3 Nc5 27. Rc7 Rb5 28. Ng5 Nd3 29. Nxh7 Bd6 30. Nf6+ Kf8 31. Nh7+ 1/2-1/2

[Event "2nd Irena Warakomska Memorial-A"]
[Site "Suwalki"]
[Date "2018.08.04"]
[Round "5"]
[White "Debarshi, Mukherjee"]
[Black "Budrewicz, Krzysztof"]
[Result "0-1"]
[ECO "E73"]
[WhiteElo "2308"]
[BlackElo "2203"]
[Annotator "NA"]
[PlyCount "125"]
[EventDate "2018.08.01"]
[EventType "swiss"]
[EventCountry "POL"]
[SourceTitle "playchess.com"]
[Source "ChessBase"]
[SourceQuality "1"]
[TimeControl "40/5400+30:1800+30"]

1. d4 Nf6 2. c4 g6 3. Nc3 Bg7 4. e4 O-O 5. Be2 d6 6. Bg5 Na6 7. f4 c5 8. d5 Qa5 9. Qd2 e6 10. Nf3 exd5 11. exd5 Re8 12. O-O Bf5 13. Rfe1 h6 14. Bh4 Qb4 15. a3 Qb3 16. Bd3 Nc7 17. Qd1 Qxd1 18. Raxd1 Bxd3 19. Rxd3 Rxe1+ 20. Bxe1 Re8 21. a4 Ne4 22. Nd1 f5 23. Rb3 b6 24. Ne3 Bd4 25. Kf1 Rb8 26. Nxd4 cxd4 27. Nc2 Nc5 28. Rg3 d3 29. Nb4 Kf7 30. Nxd3 Nxa4 31. b3 Nc5 32. Nb4 Re8 33. Nc6 b5 34. b4 Na4 35. Ra3 a6 36. Bf2 Re4 37. Nd4 Rxf4 38. g3 Re4 39. cxb5 axb5 40. Ra1 Ke7 41. Nxb5 Nxb5 42. Rxa4 Kf6 43. Be1 Re5 44. Bd2 g5 45. h4 Rxd5 46. hxg5+ hxg5 47. Be1 Kg6 48. Ra5 Kh5 49. Kg2 Kg4 50. Bf2 Re5 51. Kf1 Kf3 52. Be1 Ke3 53. Bf2+ Kd3 54. Be1 Kc4 55. Bd2 g4 56. Ra6 Rd5 57. Rc6+ Kb3 58. Be1 Nd4 59. Rc8 Nc2 60. Bf2 Nxb4 61. Ke2 Na6 62. Rd8 Kc4 63. Ke1 0-1

[Event "2nd Irena Warakomska Memorial-A"]
[Site "Suwalki"]
[Date "2018.08.04"]
[Round "5"]
[White "Goluch, Piotr"]
[Black "Zgadzaj, Rafal"]
[Result "1-0"]
[ECO "A80"]
[WhiteElo "2301"]
[BlackElo "2154"]
[Annotator "NA"]
[PlyCount "73"]
[EventDate "2018.08.01"]
[EventType "swiss"]
[EventCountry "POL"]
[SourceTitle "playchess.com"]
[Source "ChessBase"]
[SourceQuality "1"]
[TimeControl "40/5400+30:1800+30"]

1. d4 f5 2. Nf3 Nf6 3. g3 d6 4. Bg2 g6 5. O-O Bg7 6. b3 O-O 7. Bb2 a5 8. c4 Na6 9. Nc3 c6 10. Re1 Qc7 11. e4 fxe4 12. Nxe4 Nxe4 13. Rxe4 Bf5 14. Re1 Rae8 15. Qe2 a4 16. c5 Bg4 17. cxd6 exd6 18. Qxe8 Rxe8 19. Rxe8+ Kf7 20. Rae1 Bxf3 21. Bxf3 Nb4 22. R1e2 axb3 23. axb3 Nc2 24. R8e4 Nxd4 25. Bxd4 Bxd4 26. Rxd4 d5 27. h4 h6 28. Rf4+ Kg7 29. Re6 Qb6 30. h5 g5 31. Rg6+ Kh7 32. Rf7+ Kh8 33. Bxd5 Qd4 34. Rf8+ Kh7 35. Bg8+ Kh8 36. Bf7+ Kh7 37. Rgg8 1-0

[Event "2nd Irena Warakomska Memorial-A"]
[Site "Suwalki"]
[Date "2018.08.04"]
[Round "5"]
[White "Szustakowski, Antoni"]
[Black "Fiedorek, Michal"]
[Result "1-0"]
[ECO "D35"]
[WhiteElo "2300"]
[BlackElo "1970"]
[Annotator "NA"]
[PlyCount "55"]
[EventDate "2018.08.01"]
[EventType "swiss"]
[EventCountry "POL"]
[SourceTitle "playchess.com"]
[Source "ChessBase"]
[SourceQuality "1"]
[TimeControl "40/5400+30:1800+30"]

1. d4 d5 2. c4 e6 3. Nc3 Nf6 4. cxd5 exd5 5. Bg5 c6 6. e3 Bd6 7. Bd3 O-O 8. Qc2 h6 9. Bh4 Nbd7 10. Nge2 Re8 11. h3 Nf8 12. g4 b5 13. O-O-O a5 14. Rdg1 Be7 15. f4 a4 16. Be1 N6d7 17. h4 Nb6 18. Nb1 b4 19. g5 Kh8 20. gxh6 gxh6 21. Ng3 Nc4 22. Qe2 Qd6 23. Ne4 dxe4 24. Bxc4 Be6 25. Qg2 Ng6 26. h5 Bxc4 27. hxg6 Qxg6 28. Qc2 1-0

[Event "2nd Irena Warakomska Memorial-A"]
[Site "Suwalki"]
[Date "2018.08.04"]
[Round "5"]
[White "Szostko, Jakub"]
[Black "Yevseev, Denis"]
[Result "1/2-1/2"]
[ECO "B12"]
[WhiteElo "2299"]
[BlackElo "2513"]
[Annotator "ChessBase"]
[PlyCount "71"]
[EventDate "2018.08.01"]
[EventType "swiss"]
[EventCountry "POL"]
[SourceTitle "playchess.com"]
[Source "ChessBase"]
[SourceQuality "1"]
[TimeControl "40/5400+30:1800+30"]

1. e4 c6 2. d4 d5 3. e5 Bf5 4. Nf3 e6 5. Be2 Nd7 6. O-O h6 7. Nbd2 Ne7 8. Nb3 Bh7 9. Bd2 Ng6 10. Rc1 Be7 11. c4 dxc4 12. Na5 Rb8 13. Nxc4 O-O 14. Ba5 b6 15. Bd2 c5 16. dxc5 Nxc5 17. Be3 Rb7 18. Qxd8 Rxd8 19. Rfd1 Rbd7 20. Rxd7 Rxd7 21. Rd1 Rxd1+ 22. Bxd1 Nf8 23. Nd4 Bd3 24. Nc6 Bg5 25. Nd6 Bxe3 26. Ne7+ Kh7 27. fxe3 Ng6 28. Nc6 Kg8 29. Nc8 Nd7 30. N8xa7 Ngxe5 31. Nxe5 Nxe5 32. Nc8 b5 33. Kf2 Bb1 34. Be2 Bxa2 35. Bxb5 Bb3 36. Ne7+ 1/2-1/2

[Event "2nd Irena Warakomska Memorial-A"]
[Site "Suwalki"]
[Date "2018.08.04"]
[Round "5"]
[White "Kyc, Jerzy"]
[Black "Koziak, Vitali"]
[Result "1/2-1/2"]
[ECO "B80"]
[WhiteElo "2283"]
[BlackElo "2476"]
[Annotator "ChessBase"]
[PlyCount "72"]
[EventDate "2018.08.01"]
[EventType "swiss"]
[EventCountry "POL"]
[SourceTitle "playchess.com"]
[Source "ChessBase"]
[SourceQuality "1"]
[TimeControl "40/5400+30:1800+30"]

1. e4 c5 2. Nf3 d6 3. d4 cxd4 4. Nxd4 Nf6 5. Nc3 e6 6. Be3 a6 7. Qd2 b5 8. a3 Bb7 9. f3 Nbd7 10. g4 Nb6 11. Qf2 Nfd7 12. Bd3 Rc8 13. h4 Be7 14. g5 Nc4 15. Bxc4 Rxc4 16. Qg2 d5 17. exd5 Nb6 18. g6 Bxh4+ 19. Rxh4 Qxh4+ 20. Bf2 Qh6 21. gxf7+ Kxf7 22. dxe6+ Ke8 23. Ne4 Bxe4 24. fxe4 g6 25. Rd1 Rf8 26. e5 Qf4 27. Nc6 Re4+ 28. Kf1 Nd5 29. Kg1 Rc4 30. Rxd5 Rxc6 31. Rd8+ Kxd8 32. Qd5+ Kc7 33. Qd7+ Kb8 34. Qa7+ Kc8 35. Qd7+ Kb8 36. Qa7+ Kc8 1/2-1/2

[Event "2nd Irena Warakomska Memorial-A"]
[Site "Suwalki"]
[Date "2018.08.04"]
[Round "5"]
[White "Marszalek, Maciej"]
[Black "Ulanowski, Karol"]
[Result "1-0"]
[ECO "A39"]
[WhiteElo "2269"]
[BlackElo "2149"]
[Annotator "NA"]
[PlyCount "121"]
[EventDate "2018.08.01"]
[EventType "swiss"]
[EventCountry "POL"]
[SourceTitle "playchess.com"]
[Source "ChessBase"]
[SourceQuality "1"]
[TimeControl "40/5400+30:1800+30"]

1. Nf3 Nf6 2. g3 g6 3. Bg2 Bg7 4. O-O c5 5. c4 Nc6 6. Nc3 O-O 7. d4 cxd4 8. Nxd4 Qa5 9. e3 Ne5 10. Nb3 Qc7 11. c5 Rd8 12. Nb5 Qb8 13. e4 a6 14. Nc3 d6 15. cxd6 exd6 16. Nd4 Bg4 17. f3 Bd7 18. Nc2 b5 19. a3 Be6 20. Ne3 Qa7 21. Kh1 Nc4 22. Re1 Rac8 23. Nxc4 Bxc4 24. Be3 Qb8 25. Bf4 b4 26. axb4 Qxb4 27. Qd2 d5 28. exd5 Bxd5 29. Rad1 Qb6 30. Be3 Qb3 31. Bg5 Rxc3 32. Qxc3 Qxc3 33. bxc3 Rd7 34. Bxf6 Bxf6 35. c4 Be6 36. Rxd7 Bxd7 37. f4 Kf8 38. Bd5 Bd4 39. Rd1 Bc5 40. Ra1 Bc8 41. Rb1 Ke7 42. Kg2 Kd6 43. Bxf7 a5 44. Be8 Bb4 45. Bb5 Kc5 46. Kf3 h5 47. Ke3 Bc3 48. Rd1 Kb4 49. Rd6 a4 50. Bxa4 Kxa4 51. Rxg6 Bg4 52. Rg5 Kb4 53. Kd3 Be1 54. Rb5+ Ka4 55. Ke3 h4 56. Rb1 Bb4 57. gxh4 Be7 58. Ke4 Be2 59. Kd5 Bf3+ 60. Ke6 Bxh4 61. f5 1-0

[Event "2nd Irena Warakomska Memorial-A"]
[Site "Suwalki"]
[Date "2018.08.04"]
[Round "5"]
[White "Kumala, Aleksander"]
[Black "Lisowski, Krzysztof"]
[Result "1-0"]
[ECO "A00"]
[WhiteElo "2238"]
[BlackElo "2072"]
[Annotator "NA"]
[PlyCount "117"]
[EventDate "2018.08.01"]
[EventType "swiss"]
[EventCountry "POL"]
[SourceTitle "playchess.com"]
[Source "ChessBase"]
[SourceQuality "1"]
[TimeControl "40/5400+30:1800+30"]

1. e3 d5 2. c4 e6 3. Nc3 Nf6 4. b3 c5 5. Bb2 d4 6. Nce2 Nc6 7. a3 e5 8. Ng3 Bd6 9. e4 O-O 10. Bd3 Ne7 11. N1e2 Ng6 12. O-O Re8 13. f3 Nf4 14. Nxf4 exf4 15. Ne2 Nh5 16. b4 b6 17. e5 Rxe5 18. Be4 Rb8 19. Qe1 Qg5 20. Qf2 Re6 21. Rfe1 Bd7 22. d3 Rh6 23. Bc1 Re8 24. bxc5 bxc5 25. Rb1 Bc8 26. Bd2 Nf6 27. g3 fxg3 28. Nxg3 Bf4 29. Bxf4 Qxf4 30. Rb5 Qc7 31. Qd2 Ba6 32. Qa5 Qxa5 33. Rxa5 Nxe4 34. Rxe4 Rb8 35. Rxc5 Rb1+ 36. Kg2 Rb2+ 37. Re2 Rhb6 38. Rd5 g6 39. Rxd4 Rxe2+ 40. Nxe2 Rb2 41. Kf2 Kg7 42. Rd7 Bb7 43. Ke3 h5 44. h4 a5 45. Nc3 Rb3 46. Ne4 Bxe4 47. Kxe4 Rxa3 48. d4 Rc3 49. c5 a4 50. Kd5 a3 51. f4 a2 52. Ra7 Rc2 53. c6 Kf6 54. Kd6 Kf5 55. c7 Ke4 56. Rxa2 Rc1 57. d5 f6 58. Ra4+ Kf5 59. Kd7 1-0

[Event "2nd Irena Warakomska Memorial-A"]
[Site "Suwalki"]
[Date "2018.08.04"]
[Round "5"]
[White "Pietruszewski, Marcin"]
[Black "Maj, Pawel"]
[Result "1-0"]
[ECO "C45"]
[WhiteElo "2208"]
[BlackElo "2071"]
[Annotator "NA"]
[PlyCount "73"]
[EventDate "2018.08.01"]
[EventType "swiss"]
[EventCountry "POL"]
[SourceTitle "playchess.com"]
[Source "ChessBase"]
[SourceQuality "1"]
[TimeControl "40/5400+30:1800+30"]

1. e4 e5 2. Nf3 Nc6 3. d4 exd4 4. Nxd4 Nf6 5. Nxc6 bxc6 6. e5 Qe7 7. Qe2 Nd5 8. h4 d6 9. c4 Nb6 10. exd6 Qxe2+ 11. Bxe2 cxd6 12. Nc3 Be6 13. Bf3 Rc8 14. b3 d5 15. cxd5 cxd5 16. Nb5 Be7 17. Bg5 Bb4+ 18. Bd2 Be7 19. Nxa7 Rc2 20. Bd1 Bf6 21. Bxc2 Bxa1 22. Ke2 Be5 23. Nc6 Bf6 24. Bg5 Bc3 25. Kd3 Bb2 26. Rb1 Ba3 27. Be3 Kd7 28. Nd4 Rb8 29. Ke2 h6 30. Bd3 Na8 31. Nc2 Bd6 32. a4 Nb6 33. Nd4 Ba3 34. Bf4 Ra8 35. Bb5+ Ke7 36. a5 Nd7 37. b4 1-0

[Event "2nd Irena Warakomska Memorial-A"]
[Site "Suwalki"]
[Date "2018.08.04"]
[Round "5"]
[White "Kokoszczynski, Jan"]
[Black "Sliwicka, Alicja"]
[Result "1/2-1/2"]
[ECO "B67"]
[WhiteElo "2187"]
[BlackElo "2293"]
[Annotator "NA"]
[PlyCount "73"]
[EventDate "2018.08.01"]
[EventType "swiss"]
[EventCountry "POL"]
[SourceTitle "playchess.com"]
[Source "ChessBase"]
[SourceQuality "1"]
[TimeControl "40/5400+30:1800+30"]

1. e4 c5 2. Nf3 d6 3. d4 Nf6 4. Nc3 cxd4 5. Nxd4 Nc6 6. Bg5 e6 7. Qd2 a6 8. O-O-O Bd7 9. f4 b5 10. Bxb5 axb5 11. Ndxb5 Nb4 12. Bxf6 gxf6 13. Nxd6+ Bxd6 14. Qxd6 Nxa2+ 15. Nxa2 Rxa2 16. Kb1 Ra7 17. Rd3 Qa8 18. Ra3 Rxa3 19. bxa3 Qc6 20. Qb8+ Bc8 21. Qb4 Qb7 22. Kb2 Qxb4+ 23. axb4 Kd7 24. c4 Kc7 25. Kc3 Rd8 26. e5 f5 27. g3 Bb7 28. Ra1 h5 29. b5 Kb6 30. Kb4 Rd4 31. h4 Bd5 32. Rc1 Be4 33. Ra1 Kb7 34. Ra3 Rd1 35. c5 Rb1+ 36. Rb3 Rc1 37. Rc3 1/2-1/2

[Event "2nd Irena Warakomska Memorial-A"]
[Site "Suwalki"]
[Date "2018.08.04"]
[Round "5"]
[White "Popiol, Michal"]
[Black "Krzywda, Andrzej"]
[Result "1-0"]
[ECO "E12"]
[WhiteElo "2164"]
[BlackElo "2296"]
[Annotator "NA"]
[PlyCount "119"]
[EventDate "2018.08.01"]
[EventType "swiss"]
[EventCountry "POL"]
[SourceTitle "playchess.com"]
[Source "ChessBase"]
[SourceQuality "1"]
[TimeControl "40/5400+30:1800+30"]

1. d4 Nf6 2. c4 e6 3. Nf3 b6 4. a3 Bb7 5. Nc3 d5 6. cxd5 Nxd5 7. e3 g6 8. Bb5+ c6 9. Bd3 Bg7 10. h4 Nd7 11. h5 O-O 12. e4 Nxc3 13. bxc3 e5 14. hxg6 hxg6 15. Kf1 exd4 16. cxd4 c5 17. Bg5 Qe8 18. d5 Ne5 19. Rb1 Nxd3 20. Qxd3 Qa4 21. Kg1 c4 22. Qe3 c3 23. Qf4 Rfe8 24. Re1 f5 25. Qc7 Bxd5 26. exd5 Rxe1+ 27. Nxe1 Qd1 28. Qe7 Qxd5 29. Bf6 Qf7 30. Qxf7+ Kxf7 31. Bxg7 Kxg7 32. Rh3 Rc8 33. Nc2 b5 34. Rd3 a5 35. Rd4 Kf6 36. Kf1 g5 37. Ke2 Ke5 38. Kd3 f4 39. Rd7 Rc5 40. Ra7 a4 41. f3 Kd6 42. Ra6+ Ke5 43. Rg6 Kf5 44. Rb6 Ke5 45. Nd4 c2 46. Nxc2 Rd5+ 47. Ke2 Rc5 48. Nb4 Kf5 49. Kd2 g4 50. Rc6 Re5 51. Nd3 Re3 52. Rc5+ Kf6 53. fxg4 b4 54. g5+ Kg7 55. axb4 a3 56. Rc7+ Kg8 57. Ra7 Rg3 58. Nxf4 Rg4 59. Ke3 Rxg5 60. Kf3 1-0